Map: Oxide LE

Players

MaxPax - Winner!

  • Race: Protoss Protoss
  • League: Grandmaster

BratOK (Brat_OK)

  • Race: Terran Terran
  • League: Grandmaster

Event: DreamHack SC2 Masters 2021 Summer

VOD

Have the link to the VOD?

Description

Time

  • Played on: May 27, 2021, 11:30 a.m.
  • Length: 9:58

All games in this series

Show
View Real Time Build Order
Export as new Build Order

MaxPax Protoss - Winner!

Build Orders: 1 Gate Expand, Blink Stalkers 

Get SALT Encoding   

  12  0:00  Probe  
  13  0:12  Probe  
  14  0:17  Pylon  
  14  0:24  Probe (Chrono Boost)  
  16  0:36  Probe (Chrono Boost)  
  16  0:39  Gateway  
  16  0:43  Probe (Chrono Boost)  
  17  0:50  Probe  
  18  1:10  Nexus  
  18  1:15  Assimilator  
  18  1:18  Probe  
  19  1:29  Cybernetics Core  
  19  1:31  Probe (Chrono Boost)  
  20  1:35  Assimilator  
  20  1:43  Probe (Chrono Boost)  
  20  1:46  Pylon  
  21  1:49  Probe (Chrono Boost)  
  22  1:58  Probe (Chrono Boost)  
  23  2:05  Adept  
  23  2:06  Warp Gate  
  25  2:10  Probe (Chrono Boost)  
  26  2:19  Probe (Chrono Boost)  
  28  2:24  Probe (Chrono Boost)  
  28  2:28  Twilight Council  
  29  2:30  Probe (Chrono Boost)  
  29  2:31  Probe (Chrono Boost)  
  29  2:36  Probe (Chrono Boost)  
  31  2:37  Adept  
  31  2:38  Probe  
  34  2:48  Probe  
  34  2:49  Robotics Facility  
  36  3:00  Probe  
  36  3:02  Probe, Gateway  
  37  3:08  Blink (Chrono Boost)  
  37  3:12  Probe  
  38  3:15  Probe  
  39  3:25  Gateway  
  39  3:26  Gateway  
  39  3:33  Warp Prism (Chrono Boost)  
  39  3:35  Probe  
  42  3:46  Probe  
  42  3:47  Pylon  
  43  3:54  Pylon  
  43  3:59  Stalker x2  
  43  4:00  Probe  
  43  4:02  Assimilator  
  46  4:05  Probe, Observer  
  46  4:09  Pylon  
  48  4:12  Probe  
  49  4:17  Pylon  
  49  4:20  Stalker  
  49  4:21  Stalker  
  49  4:28  Stalker x4  
  57  4:31  Probe x2  
  57  4:35  Pylon  
  59  4:43  Probe  
  59  4:45  Shield Battery  
  61  4:52  Stalker x3  
  66  4:54  Stalker  
  66  4:55  Observer  
  66  4:58  Assimilator  
  66  4:59  Probe  
  69  5:00  Probe  
  70  5:12  Probe  
  71  5:18  Stalker x3  
  71  5:20  Stalker  
  79  5:22  Probe  
  79  5:25  Pylon  
  80  5:33  Probe, Observer  
  81  5:36  Robotics Bay  
  81  5:39  Forge  
  81  5:48  Probe  
  82  5:53  Probe  
  83  6:00  Observer, Probe  
  84  6:05  Probe  
  84  6:08  Nexus, Stalker x3  
  91  6:11  Pylon  
  91  6:12  Probe  
  92  6:19  Probe  
  92  6:25  Probe  
  94  6:33  Observer  
  94  6:38  Probe, Charge (Chrono Boost), Colossus (Chrono Boost)  
  93  6:43  Stalker  
  93  6:45  Probe  
  102  6:48  Protoss Ground Weapons Level 1 (Chrono Boost)  
  102  6:49  Pylon, Extended Thermal Lance  
  102  6:58  Probe  
  102  6:59  Probe  
  102  7:04  Photon Cannon  
  102  7:07  Shield Battery  
  102  7:10  Zealot x2  
  106  7:18  Colossus (Chrono Boost)  
  106  7:22  Gateway  
  112  7:23  Gateway  
  112  7:26  Pylon  
  112  7:30  Zealot, Sentry  
  112  7:36  Pylon  
  116  7:41  Photon Cannon, Shield Battery  
  116  7:42  Zealot, Sentry  
  120  7:54  Photon Cannon  
  120  7:58  Zealot x2  
  122  8:01  Gateway  
  122  8:02  Colossus (Chrono Boost), Gateway  
  128  8:07  Pylon  
  128  8:17  Zealot x3  
  128  8:18  Zealot  
  136  8:22  Zealot x2  
  120  8:41  Stalker x4  
  120  8:42  Observer  
  120  8:47  Forge  
  120  8:48  Stalker x2  
  132  8:49  Observer  
  128  8:56  Zealot  
  128  9:00  Forge  
  130  9:06  Zealot x5  
  140  9:14  Assimilator  
  140  9:18  Assimilator  
  140  9:19  Observer  
  140  9:22  Zealot x3  
  146  9:26  Zealot  
  144  9:36  Zealot  
  144  9:38  Zealot x3, Pylon  
  126  9:44  Zealot x3  
Show
View Real Time Build Order
Export as new Build Order

BratOK Terran 

Build Orders:  

Get SALT Encoding   

  12  0:00  SCV  
  13  0:12  SCV  
  14  0:17  Supply Depot  
  14  0:24  SCV  
  15  0:38  SCV  
  15  0:39  Barracks  
  16  0:44  Refinery  
  16  0:50  SCV  
  17  1:02  SCV  
  18  1:15  SCV  
  19  1:27  Marine  
  19  1:28  Orbital Command  
  20  1:44  Command Center  
  20  1:46  Barracks Reactor  
  20  1:53  Supply Depot  
  20  1:55  SCV  
  21  2:06  Barracks  
  21  2:10  SCV  
  22  2:22  SCV, Marine x2  
  25  2:31  Barracks  
  25  2:34  SCV  
  26  2:40  Marine x2  
  28  2:50  SCV  
  29  2:54  Barracks Tech Lab  
  29  2:55  Orbital Command  
  29  2:59  Marine x2  
  29  3:03  SCV  
  32  3:14  Marine, Stimpack  
  32  3:15  SCV  
  34  3:20  Marine x2  
  34  3:21  Barracks Tech Lab  
  34  3:23  SCV, Supply Depot  
  37  3:27  SCV  
  37  3:32  Marine  
  39  3:35  SCV  
  39  3:38  Marine x2  
  39  3:39  SCV  
  39  3:40  Marine, Combat Shield  
  44  3:47  SCV  
  44  3:48  Supply Depot  
  45  3:56  Marine  
  45  4:00  SCV  
  45  4:02  Marauder, Marine  
  51  4:03  Marauder, Engineering Bay  
  51  4:07  SCV  
  53  4:13  Supply Depot  
  53  4:14  Marine  
  54  4:18  SCV  
  54  4:19  SCV  
  54  4:20  Marine  
  57  4:25  Marauder  
  58  4:33  SCV  
  58  4:36  Bunker, Marauder  
  61  4:41  Factory  
  61  4:42  Marine x2  
  63  4:48  SCV  
  63  4:50  Refinery  
  63  4:51  Refinery, Marine  
  65  4:54  SCV  
  65  4:57  Marine  
  65  4:58  Supply Depot  
  65  4:59  Marine  
  67  5:00  SCV  
  69  5:09  Bunker  
  69  5:11  SCV  
  70  5:16  Supply Depot  
  70  5:17  Terran Infantry Weapons Level 1  
  70  5:19  Marine x2  
  70  5:20  Marine x2  
  74  5:21  SCV  
  74  5:25  SCV  
  74  5:26  Supply Depot  
  76  5:31  Starport  
  76  5:33  Factory Reactor  
  76  5:34  SCV  
  75  5:37  SCV  
  74  5:46  SCV  
  74  5:49  SCV, Marine  
  75  5:50  Marauder x2, Marine  
  75  5:55  Supply Depot  
  79  5:57  Supply Depot  
  79  5:58  SCV  
  79  6:01  SCV  
  80  6:07  Marine, Concussive Shells  
  80  6:10  SCV  
  83  6:11  Marauder  
  81  6:19  SCV  
  81  6:21  Medivac x2  
  86  6:26  SCV, Barracks  
  86  6:27  Supply Depot  
  86  6:29  Marauder  
  86  6:30  Barracks  
  86  6:32  Marine  
  88  6:33  Marauder  
  88  6:36  Supply Depot  
  86  6:42  SCV x2  
  86  6:44  Refinery  
  86  6:46  Supply Depot  
  88  6:47  Supply Depot  
  88  6:53  Marauder, Marine x2  
  94  6:54  Marauder  
  94  6:57  SCV  
  94  7:00  Medivac x2  
  94  7:03  SCV  
  95  7:09  SCV  
  95  7:11  Marine  
  95  7:12  Factory Reactor  
  95  7:14  Marauder  
  97  7:17  Marauder  
  97  7:20  Barracks Reactor, Barracks Tech Lab  
  99  7:25  Marine  
  100  7:36  Marauder, Medivac x2  
  106  7:39  Marauder x2, Marine  
  106  7:43  Marine  
  112  7:51  SCV  
  112  7:56  Marine  
  112  7:57  Marauder, Marine x2  
  117  7:59  Marine  
  117  8:00  Marauder  
  117  8:01  Marine  
  117  8:03  Supply Depot  
  121  8:14  Marine  
  121  8:15  Marine  
  121  8:18  Marauder  
  125  8:22  Marauder  
  125  8:24  Marauder, Marine x2  
  119  8:35  Marine  
  119  8:37  Marine  
  119  8:39  Marauder  
  117  8:42  Marine  
  117  8:43  Marauder  
  116  8:49  Marauder  
  116  8:54  Viking x2  
  120  9:00  Command Center  
  120  9:06  Marauder x2, Marine x4  
  128  9:12  Starport  
  122  9:30  Marauder x2  
Tags
 
Add a new tag
Caveats
  • Supply blocks, unpowered buildings, or Contaminate may cause inaccurate times.
  • Supply counts are checked every 10 seconds.